 Dungeon Crawl Stone Soup version 0.29-a0-275-g389c0b56f3 (webtiles) character file.

Game seed: 4527421133390776647

21 Murumi the Skirmisher (level 2, 0/31 HPs)
             Began as an Ogre Gladiator on Mar 11, 2022.
             Slain by a goblin
             ... wielding a +2 dagger of speed
             ... led by Robin
              (5 damage)
             ... on level 1 of the Dungeon.
             The game lasted 00:03:07 (1271 turns).

Murumi the Skirmisher (Ogre Gladiator)              Turns: 1271, Time: 00:03:07

Health: 0/31       AC:  3    Str: 17    XL:     2   Next: 83%
Magic:  2/2        EV: 10    Int:  9    God:
Gold:   22         SH:  0    Dex: 10    Spells: 1/1 levels left

rFire   . . .      SeeInvis .   a - +0 flail
rCold   . . .      Faith    .   (no shield)
rNeg    . . .      Spirit   .   b - +0 robe
rPois   .          Reflect  .   c - +0 hat
rElec   .          Harm     .   (no cloak)
rCorr   .          Rampage  .   (gloves unavailable)
Will    .....                   (boots unavailable)
Stlth   +.........              (no amulet)
HPRegen 0.10/turn               (no ring)
MPRegen 0.08/turn               (no ring)

@: no status effects
A: large, unfitting armour, tough skin 1
a: no special abilities


You were on level 1 of the Dungeon.
You visited 1 branch of the dungeon, and saw 2 of its levels.

You collected 22 gold pieces.

Inventory:

Hand Weapons
 a - a +0 flail (weapon)
Missiles
 d - 3 throwing nets
 e - a large rock
 f - 86 stones (quivered)
 h - 3 poisoned darts
Armour
 b - a +0 robe (worn)
 c - a +0 hat (worn)
Potions
 i - a potion of brilliance {unknown}


   Skills:
 + Level 3.5 Fighting
 - Level 3.0 Maces & Flails
 - Level 2.0 Throwing
 - Level 3.0 Dodging


You had one spell level left.
You didn't know any spells.
Your spell library was empty.

Dungeon Overview and Level Annotations

Branches:
Dungeon (2/15)

Altars:

Annotations:
D:2 Robin


Innate Abilities, Weirdness & Mutations

You are too large for most types of armour.
You have tough skin. (AC +1)


Message History

You climb upwards.
There is a stone staircase leading down here.
There is an open door here.
There is an open door here.
There is an open door here.
There is an open door here.
There is a stone staircase leading down here.
You climb downwards.
Robin shouts!
The goblin shouts! x6; The hobgoblin shouts! x3
The goblin shouts!
You hear a shout!
An adder comes into view.
The hobgoblin closely misses you. The goblin hits you with a +0 club.
The goblin hits you but does no damage. The hobgoblin barely misses you.
Robin roars a battlecry!
The goblins go into a battle-frenzy!
Found a stone staircase leading down.
There is a stone staircase leading up, spattered with blood here.
The hobgoblin shouts!
The hobgoblin hits you. The goblin hits you but does no damage.
The goblin hits you with a +0 dagger. The goblin misses you.
The hobgoblin completely misses you. Robin throws the goblin at you!
The hobgoblin hits you but does no damage.
You climb upwards.
There is a stone staircase leading down here.
You hit the hobgoblin.
You kill the hobgoblin!
The goblin hits you with a +2 dagger of speed.
The goblin hits you with a +0 club. The goblin hits you with a +0 dagger.
The goblin barely misses you. The goblin attacks as you move away!
The goblin hits you with a +2 dagger of speed.
* * * LOW HITPOINT WARNING * * *
The goblin attacks as you move away! The goblin hits you with a +0 club.
* * * LOW HITPOINT WARNING * * *
The goblin barely misses you.
The goblin unwields a +0 club.
The goblin wields a +0 hunting sling.
The goblin shoots a sling bullet.
The sling bullet hits you but does no damage.
The goblin attacks as you move away!
The goblin hits you with a +2 dagger of speed.
You die...

### ..#### ########
.....# ### #......#
#.##.# ##.###.####.#
#.##.###.#.##.####.#####
........###............#
..##.###.#.##.####.###.#
.)...# ##.##.g.g@..# #.#
..#### ###...gg#### #.#
..# ##..g## #.# >##
##.## #.# .# #.# #.# .#
#.# #.# .# ##'## #.# .#
##...## #.######## .####
##.....## ##........#


You could see 2 hobgoblins and 3 goblins.

Vanquished Creatures
  2 endoplasms (D:1)
  3 hobgoblins (D:1)
  2 kobolds (D:1)
  3 quokkas (D:1)
  2 ball pythons (D:1)
  3 bats (D:1)
  3 frilled lizards (D:1)
  A rat (D:1)
19 creatures vanquished.

Vanquished Creatures (others)
  A plant (D:2)
1 creature vanquished.

Grand Total: 20 creatures vanquished

Notes
Turn   | Place    | Note
-------+----------+-------------------------------------------
     0 | D:1      | Murumi the Ogre Gladiator began the quest for the Orb.
     0 | D:1      | Reached XP level 1. HP: 22/22 MP: 1/1
   325 | D:1      | Reached XP level 2. HP: 31/31 MP: 2/2
  1266 | D:2      | Noticed Robin
  1271 | D:1      | Slain by a goblin

Illustrated notes

Levels and vault maps discovered:
D:1:      amcnicky_arrival_single_pillar, layout_loops_corners
D:2:      layout_rooms, basic_ecumenical_altar, nicolae_grassy_gnolls,
          uniq_robin

Skill      XL: |  1  2 |
---------------+-------+-----
Fighting       | 3 |  3.5
Maces & Flails | 3 |  3.0
Dodging        | 3 |  3.0
Throwing       | |  2.0

Action                   || total
-------------------------++-------
Melee: Flail             ||    48
       Punch             ||     1
Throw: Stone             ||    24
  Use: Scroll            ||     2
Armor: Robe              ||    23
Dodge: Dodged            ||    38

Table legend: (Time is in decaauts)
 A = Elapsed time spent in this place.
 B = Non-inter-level travel time spent in this place.
 C = Inter-level travel time spent in this place.
 D = Time resting spent in this place.
 E = Time spent auto-exploring this place.
 F = Levels seen in this place.
 G = Mean time per level.
                   A        B        C        D        E       F      G
               +--------+--------+--------+--------+--------+-----+--------+
         Total |   1284 |   1200 |     84 |      0 |   1046 |   2 |  642.0 |
       Dungeon |   1284 |   1200 |     84 |      0 |   1046 |   2 |  642.0 |
               +--------+--------+--------+--------+--------+-----+--------+

Top non-repeatable levels by time:
     D:1: 1280 daAuts
     D:2: 4 daAuts
